 Dungeon Crawl Stone Soup version 0.28-a0-563-gf77a47075d (webtiles) character file.

Game seed: 3828541742781279303

312 miscthings the Chopper (level 6, -1/47 HPs)
             Began as a Barachi Cinder Acolyte on Sept 29, 2021.
             Was an Elder of Ignis.
             Slain by a scorpion (7 damage)
             ... on level 4 of the Dungeon.
             The game lasted 00:04:30 (2834 turns).

miscthings the Chopper (Barachi Cinder Acolyte)     Turns: 2834, Time: 00:04:30

Health: -1/47      AC:  4    Str: 15    XL:     6   Next: 42%
Magic:  1/10       EV: 11    Int: 15    God:    Ignis [****..]
Gold:   182        SH:  0    Dex:  9    Spells: 8/10 levels left

rFire   + . .      SeeInvis .   i - +1 hand axe (elec)
rCold   . . .      Faith    .   (no shield)
rNeg    . . .      Spirit   .   b - +0 robe
rPois   .          Reflect  .   g - +0 helmet
rElec   .          Harm     .   h - scarf {repulsion}
rCorr   .          Rampage  .   (no gloves)
Will    .....                   f - +0 pair of boots
Stlth   +.........              (no amulet)
HPRegen 0.15/turn               (no ring)
MPRegen 0.12/turn               (no ring)

@: repel missiles, slow
A: amphibious, slowness 1, strong legs 1, +LOS
a: Hop, Renounce Religion, Sea of Fire, Foxfire Swarm, Rising Flame


You were on level 4 of the Dungeon.
You worshipped Ignis.
Ignis was greatly pleased with you.
You visited 1 branch of the dungeon, and saw 4 of its levels.

You collected 182 gold pieces.

Inventory:

Hand Weapons
 a - a -1 falchion of flaming
 i - a +1 hand axe of electrocution (weapon)
Armour
 b - a +0 robe (worn)
 f - a +0 pair of boots (worn)
 g - a +0 helmet (worn)
 h - a scarf of repulsion (worn)
Jewellery
 l - a ring of see invisible
Scrolls
 d - 2 scrolls of identify {@r1}
 k - a scroll of enchant armour {unknown}
 m - a scroll of fog
Potions
 c - a potion of invisibility {unknown}
 e - a potion of attraction {unknown}
 j - 2 potions of curing {unknown}


   Skills:
 - Level 3.6 Fighting
 + Level 4.0 Long Blades
 + Level 4.9 Axes
 - Level 2.7 Spellcasting
 - Level 4.5 Fire Magic


You had 8 spell levels left.
You knew the following spells:

 Your Spells              Type           Power      Damage    Failure   Level
a - Scorch                Fire           30%        2d7       4%          2

Your spell library contained the following spells:

 Spells                   Type           Power      Damage    Failure   Level
 Ensorcelled Hibernation  Hex/Ice        4%         N/A       30%         2
 Spider Form              Tmut/Pois      1%         N/A       52%         3
 Hailstorm                Conj/Ice       2%         3d3       90%         4
 Ice Form                 Ice/Tmut       2%         N/A       90%         4
 Simulacrum               Ice/Necr       1%         N/A       100%        6


Dungeon Overview and Level Annotations

Branches:
Dungeon (4/15)
 Temple: D:4-7

Altars:

Shops:
D:3 =


Innate Abilities, Weirdness & Mutations

You are amphibious.
You cover ground slowly.
You can hop short distances.
You have an extended range of vision and can be seen from far away.


Message History

The endoplasm's fire resistance burns away.
The iguana closely misses you.
Casting: Scorch (safe; 4% risk of failure)
Confirm with . or Enter, or press ? or * to list all spells.
Flames lash the iguana.
The iguana is almost dead.
The iguana's fire resistance burns away.
The iguana bites you!
Casting: Scorch (safe; 4% risk of failure)
Confirm with . or Enter, or press ? or * to list all spells.
Flames lash the hobgoblin.
You kill the hobgoblin!
The iguana closely misses you.
The endoplasm jiggles.
You barely miss the iguana.
The iguana is almost dead.
The endoplasm is no longer more vulnerable to fire.
The iguana barely misses you.
You hit the iguana but do no damage.
The iguana is almost dead.
The iguana bites you!
You barely miss the iguana.
The iguana is almost dead.
The iguana bites you. The iguana bites you!
* * * LOW HITPOINT WARNING * * *
Casting: Scorch (safe; 4% risk of failure)
Confirm with . or Enter, or press ? or * to list all spells.
Flames lash the scorpion but do no damage.
The iguana is no longer more vulnerable to fire.
The iguana bites you.
* * * LOW HITPOINT WARNING * * *
Casting: Scorch (safe; 4% risk of failure)
Confirm with . or Enter, or press ? or * to list all spells.
Flames lash the iguana.
You kill the iguana!
You hit the scorpion.
The scorpion is lightly wounded.
The scorpion stings you but does no damage.
The scorpion stings you!
You die...

#.######### ##. #
#.# . #.# . #.# #.
#+# #.# #... #.#
#.... #.#
#.....##.##########
#.....'.Js@........
##....#..##########
#..$ #..# #.. #...
#. #.... # ......
........ ....####.
.....# .#


You could see a scorpion and an endoplasm.

Vanquished Creatures
  An orc warrior (D:4)
  An ogre (D:4)
  An iguana (D:4)
  2 adders
  A worm (D:2)
  A dart slug (D:4)
  4 ball pythons
  8 endoplasms
  4 giant cockroaches
  8 goblins
  11 hobgoblins
  4 jackals (D:3)
  8 kobolds
  5 quokkas
  4 bats
  4 frilled lizards
  5 rats
72 creatures vanquished.

Vanquished Creatures (others)
  2 demonic plants (D:3)
  32 foxfires (D:4)
  2 plants (D:3)
36 creatures vanquished.

Grand Total: 108 creatures vanquished

Notes
Turn   | Place    | Note
-------+----------+-------------------------------------------
     0 | D:1      | miscthings the Barachi Cinder Acolyte began the quest for
                  | the Orb.
     0 | D:1      | Reached XP level 1. HP: 18/18 MP: 2/2
    49 | D:1      | Reached XP level 2. HP: 11/24 MP: 3/3
   224 | D:1      | Learned a level 2 spell: Scorch
   550 | D:1      | Reached XP level 3. HP: 27/29 MP: 2/5
  1814 | D:3      | Reached XP level 4. HP: 35/36 MP: 4/7
  1921 | D:3      | Found a faded altar of an unknown god.
  1921 | D:3      | Noticed an Executioner
  2092 | D:3      | Found Ennuj's Jewellery Boutique.
  2669 | D:4      | Noticed an orc warrior
  2683 | D:4      | Noticed an ogre
  2690 | D:4      | Killed an orc warrior
  2691 | D:4      | Reached XP level 5. HP: 24/41 MP: 2/9
  2692 | D:4      | Killed an ogre
  2693 | D:4      | Reached XP level 6. HP: 26/47 MP: 0/10
  2834 | D:4      | Slain by a scorpion

Illustrated notes

Levels and vault maps discovered:
D:1:      dpeg_arrival_short_road, layout_rooms, minmay_unequal
D:2:      layout_loops_ring, amcnicky_mini_pool_small
D:3:      layout_loops_corners, dreamdust_ecumenical_altar_sealed_demon,
          serial_shops, shop, serial_bayou_lake_a
D:4:      wad_crossroads, layout_basic, uniq_pikel

Skill      XL: |  1  2  3  4  5 |
---------------+----------------+-----
Long Blades    | 4 |  4.0
Fire Magic     | 4 |  4.5
Spellcasting   | 2 |  2.7
Axes           | 3 4 |  4.9
Fighting       | |  3.6

Action                   |  1- 3 |  4- 6 || total
-------------------------+-------+-------++-------
Melee: Falchion          |    52 |       ||    52
       Hand axe          |    41 |    34 ||    75
 Cast: Scorch            |    22 |    17 ||    39
Invok: Foxfire Swarm     |       |     3 ||     3
 Abil: Hop               |       |     1 ||     1
  Use: Scroll            |       |     1 ||     1
Armor: Robe              |    31 |     8 ||    39
Dodge: Dodged            |    58 |    33 ||    91

Table legend: (Time is in decaauts)
 A = Elapsed time spent in this place.
 B = Non-inter-level travel time spent in this place.
 C = Inter-level travel time spent in this place.
 D = Time resting spent in this place.
 E = Time spent auto-exploring this place.
 F = Levels seen in this place.
 G = Mean time per level.
                   A        B        C        D        E       F      G
               +--------+--------+--------+--------+--------+-----+--------+
         Total |   3288 |   3106 |    182 |    430 |   2034 |   4 |  822.0 |
       Dungeon |   3288 |   3106 |    182 |    430 |   2034 |   4 |  822.0 |
               +--------+--------+--------+--------+--------+-----+--------+

Top non-repeatable levels by time:
     D:3: 1144 daAuts
     D:1: 1106 daAuts
     D:2: 821 daAuts
     D:4: 214 daAuts
